 Seeded DCSS version 0.29.1-12-g30fa7ad0bf (webtiles) character file.

Game seed: 6447096713874630857 (custom seed)

18973 kingsuperguy the Marksminotaur (level 12, -5/106 HPs)
             Began as a Minotaur Hunter on Dec 14, 2022.
             Was a High Priest of Zin.
             Slain by a shock serpent (14 damage)
             ... on level 1 of the Snake Pit.
             The game lasted 00:16:10 (10106 turns).

kingsuperguy the Marksminotaur (Minotaur Hunter)   Turns: 10106, Time: 00:16:11

Health: -5/106     AC: 15    Str: 22    XL:     12   Next: 32%
Magic:  11/11      EV: 13    Int:  3    God:    Zin [*****.]
Gold:   514        SH:  5    Dex: 18    Spells: 11/11 levels left

rFire   . . .      SeeInvis .   e - +5 triple crossbow of Youthful Indiscretion {speed, Str+5 Int-3}
rCold   . . .      Faith    .   (shield currently unavailable)
rNeg    + . .      Spirit   .   u - +0 pearl dragon scales
rPois   .          Reflect  +   (helmet restricted)
rElec   .          Harm     .   g - +0 cloak
rCorr   .          Rampage  .   (no gloves)
Will    .....                   (no boots)
Stlth   +.........              v - amulet of reflection
HPRegen 0.27/turn               (no ring)
MPRegen 0.12/turn               (no ring)

@: lethally poisoned (-5 -> -9)
A: horns 2, retaliatory headbutt
a: Renounce Religion, Recite, Vitalisation, Imprison, Sanctuary, Donate Gold


You were on level 1 of the Snake Pit.
You worshipped Zin.
Zin was extremely pleased with you.
You visited 3 branches of the dungeon, and saw 11 of its levels.
You also visited: Bailey.

You collected 590 gold pieces.
You donated 76 gold pieces to Zin.

Inventory:

Hand Weapons
 a - a +0 shortbow
 e - the +5 triple crossbow of Youthful Indiscretion (weapon) {speed, Str+5 Int-3}
   (You acquired it on level 4 of the Dungeon)

   Attacks with this weapon are significantly faster.
   Str:       It affects your strength (+5).
   Int:       It affects your intelligence (-3).
 D - a +2 triple crossbow of flaming
Missiles
 b - 2 throwing nets
Armour
 c - a +0 leather armour
 g - a +0 cloak (worn)
 u - +0 pearl dragon scales (worn)
Jewellery
 m - a ring of wizardry
 p - an amulet of the acrobat
 v - an amulet of reflection (around neck)
 x - an amulet of regeneration
 A - a +4 ring of slaying
Wands
 j - a wand of mindburst (22)
 B - a wand of roots (5)
 E - a wand of flame (28)
 M - a wand of light (4)
Scrolls
 d - 6 scrolls of teleportation
 i - 3 scrolls of amnesia
 k - 2 scrolls of blinking {unknown}
 l - 2 scrolls of vulnerability {unknown}
 n - 3 scrolls of torment {unknown}
 r - 2 scrolls of magic mapping {unknown}
 t - 3 scrolls of poison
 w - a scroll of enchant armour {unknown}
 y - a scroll of noise {unknown}
 z - 6 scrolls of enchant weapon {unknown}
 G - 4 scrolls of identify
 I - 2 scrolls of fear {unknown}
 K - a scroll of brand weapon {unknown}
Potions
 f - 2 potions of mutation
 h - a potion of ambrosia
 o - a potion of haste
 q - a potion of brilliance
 s - 2 potions of curing
 C - a potion of magic {unknown}
 F - a potion of heal wounds {unknown}
 H - a potion of attraction {unknown}
 J - a potion of berserk rage {unknown}
 L - 2 potions of invisibility {unknown}
 N - a potion of resistance {unknown}
Miscellaneous
 O - a phial of floods


   Skills:
 + Level 9.9 Fighting
 * Level 17.3 Ranged Weapons
 + Level 9.7 Armour
 + Level 6.3 Dodging
 + Level 4.0 Stealth
 + Level 3.7 Shields
 + Level 0.4 Invocations


You had 11 spell levels left.
You didn't know any spells.
Your spell library was empty.

Dungeon Overview and Level Annotations

Branches:
Dungeon (8/15)             Temple (0/1) D:7            Lair (2/5) D:8
  Snake (1/4) Lair:2       Bailey (visited)
  Swamp: Lair:2-3    Shoals: Lair:2-3

Altars:
Cheibriados
Gozag
Makhleb
Ru
Trog
Zin

Shops:
D:3 [   D:5 :   D:6 **(


Innate Abilities, Weirdness & Mutations

You have a pair of horns on your head.
You reflexively headbutt those who attack you in melee.


Message History

The shock serpent escapes!
The naga spits poison at you.
The splash of poison hits you but does no damage.
You are more poisoned.
You shoot a bolt. The bolt hits the shock serpent!!
The shock serpent is almost dead.
The shock serpent's electric aura discharges, shocking you!
The grasping roots constrict the black mamba.
The grasping roots constrict the naga!
You feel sick.
The roots release their grip on the naga.
The black mamba struggles to escape constriction.
The shock serpent shoots out a bolt of lightning at you!
The bolt of electricity hits the shock serpent.
The shock serpent completely resists.
The bolt of electricity hits you!!
The black mamba struggles to escape constriction.
Fire: e) +5 triple crossbow of Youthful Indiscretion {speed, Str+5 Int-3}
Press: ? - help, Q - select action, (/) - cycle Shift-Dir - straight line, f/p - shock serpent
Aim: a shock serpent (almost dead, 60% to hit)
You shoot a bolt.
The bolt hits the shock serpent but does no damage.
The shock serpent is almost dead.
The grasping roots constrict the black mamba.
You feel sick.
The roots release their grip on the black mamba.
The shock serpent shoots out a bolt of lightning at you!
The bolt of electricity hits you! The shock serpent bites you!
* * * LOW HITPOINT WARNING * * *
The shock serpent shocks you!
* * * LOW HITPOINT WARNING * * *
Aiming: Fastroot
Press: ? - help, Q - select action, (/) - cycle Shift-Dir - straight line, f - shock serpent, p - shock serpent
Aim: a shock serpent The roots erupt in riotous growth!
Roots grab the shock serpent.
Roots grab the shock serpent.
The grasping roots constrict the shock serpent. x2
You feel sick. The shock serpent bites you.
* * * LOW HITPOINT WARNING * * *
The shock serpent shocks you!
You die...

#.......###.^..##
#..........)....#
###........#......##
#......########....#
.........# ##...#
.........# ##...#
######....# ###....#
##.....###......#
##........@....#
##.....SS......#
...(NS....).....
................
.....##..........
.?.## ######.....
..# #... .# ..


You could see 2 shock serpents, a black mamba and a naga.

Vanquished Creatures
  The ghost of venomsnake the Fighter, a novice MiBe of Trog (D:7)
  A shock serpent (Snake:1)
  Amaemon (D:8)
  An orc knight (Bailey)
  Pikel (D:4)
  2 mana vipers (Snake:1)
  A salamander (Snake:1)
  A naga mage (Snake:1)
  An orange demon (D:8)
  A cane toad (Lair:1)
  6 black mambas
  10 blink frogs (Lair:1)
  Grinder (D:5)
  A wyvern (Lair:1)
  14 yaks (Lair:1)
  A steam dragon (D:6)
  Edmund (D:5)
  5 nagas
  3 water moccasins
  A sky beast (D:7)
  5 ice beasts
  11 orc warriors
  2 black bears
  4 centaurs (D:8)
  3 wolves (Lair:1)
  A lemure (D:4)
  A phantom (D:6)
  A gnoll sergeant (D:8)
  A bullfrog (D:8)
  2 scorpions
  8 wights
  A howler monkey (D:6)
  4 hounds
  2 orc priests
  3 iguanas
  3 orc wizards
  13 gnolls
  6 adders
  2 worms (D:2)
  3 dart slugs
  42 orcs
  5 ball pythons
  6 endoplasms
  3 giant cockroaches
  8 goblins
  5 hobgoblins
  A jackal (D:5)
  3 quokkas
  7 bats
  2 frilled lizards
  10 kobolds
  4 rats
226 creatures vanquished.

Vanquished Creatures (others)
  11 fungi (Lair:1)
  A plant (Lair:1)
12 creatures vanquished.

Grand Total: 238 creatures vanquished

Notes
Turn   | Place    | Note
-------+----------+-------------------------------------------
     0 | D:1      | kingsuperguy the Minotaur Hunter began the quest for the
                  | Orb.
     0 | D:1      | Reached XP level 1. HP: 18/18 MP: 0/0
    80 | D:1      | Found a faded altar of an unknown god.
   431 | D:1      | Prayed at the altar of an unknown god.
   431 | D:1      | Became a worshipper of Zin the Law-Giver
   431 | D:1      | Reached * piety under Zin
   532 | D:1      | Donated 17 gold pieces to Zin
   653 | D:1      | Reached XP level 2. HP: 25/25 MP: 1/1
   869 | D:1      | Reached skill level 5 in Ranged Weapons
  1430 | D:2      | Reached ** piety under Zin
  1444 | D:2      | Reached skill level 1 in Armour
  1485 | D:2      | Reached XP level 3. HP: 30/30 MP: 2/2
  2134 | D:3      | Reached *** piety under Zin
  2307 | D:3      | Found Maydox's Armour Shop.
  2568 | D:4      | Reached XP level 4. HP: 34/37 MP: 3/3
  3185 | D:4      | Reached skill level 6 in Ranged Weapons
  3198 | D:4      | Reached XP level 5. HP: 29/45 MP: 4/4
  3366 | D:4      | Noticed a lemure
  3368 | D:4      | Noticed Pikel
  3369 | D:4      | Noticed a lemure
  3371 | D:4      | Noticed a lemure
  3376 | D:4      | Killed a lemure
  3380 | D:4      | Killed Pikel
  3381 | D:4      | Reached skill level 7 in Ranged Weapons
  3381 | D:4      | Reached skill level 1 in Shields
  3381 | D:4      | Reached XP level 6. HP: 48/52 MP: 5/5
  3381 | D:4      | Reached XP level 7. HP: 55/59 MP: 6/6
  3543 | D:4      | Identified a scroll of acquirement
  3543 | D:4      | Acquired the +5 triple crossbow of Youthful Indiscretion
                  | {speed, Str+5 Int-3}
  3560 | D:4      | Reached skill level 8 in Ranged Weapons
  4158 | D:5      | Entered Level 5 of the Dungeon
  4241 | D:5      | Found Fapniju's Self-Improvement Boutique.
  4449 | D:5      | Reached skill level 1 in Stealth
  4476 | D:5      | Reached XP level 8. HP: 66/67 MP: 7/7
  4486 | D:5      | Reached **** piety under Zin
  4519 | D:5      | Reached skill level 9 in Ranged Weapons
  4519 | D:5      | Reached skill level 5 in Armour
  4539 | D:5      | Noticed Edmund
  4542 | D:5      | Killed Edmund
  4543 | D:5      | Reached skill level 5 in Fighting
  4562 | D:5      | Found a sacrificial altar of Ru.
  4594 | D:5      | Noticed Grinder
  4597 | D:5      | Killed Grinder
  4695 | D:5      | Found a bloodstained altar of Trog.
  4706 | D:5      | Found a snail-covered altar of Cheibriados.
  4877 | D:6      | Found Hakh's Assorted Antiques.
  4887 | D:6      | Reached skill level 10 in Ranged Weapons
  4909 | D:6      | Found Bega's Assorted Antiques.
  4994 | D:6      | Found Zuymahy's Antique Weapon Shoppe.
  5037 | D:6      | Reached ***** piety under Zin
  5059 | D:6      | Reached XP level 9. HP: 57/75 MP: 8/8
  5249 | D:6      | Reached skill level 11 in Ranged Weapons
  5691 | D:7      | Found a flagged portal.
  5704 | Bailey   | Entered a bailey
  6299 | Bailey   | Noticed an orc knight
  6306 | Bailey   | Reached skill level 12 in Ranged Weapons
  6311 | Bailey   | Killed an orc knight
  6611 | Bailey   | Reached skill level 13 in Ranged Weapons
  6611 | Bailey   | Reached skill level 5 in Dodging
  6611 | Bailey   | Reached XP level 10. HP: 90/90 MP: 9/9
  6769 | D:7      | Reached skill level 14 in Ranged Weapons
  6868 | D:7      | Found a staircase to the Ecumenical Temple.
  6981 | D:7      | Found a runed translucent door.
  6985 | D:7      | Noticed venomsnake's ghost (novice MiBe)
  7263 | D:7      | Killed venomsnake's ghost
  7264 | D:7      | Reached XP level 11. HP: 95/95 MP: 10/10
  7323 | D:8      | Noticed Amaemon
  7331 | D:8      | Killed Amaemon
  7863 | D:8      | Reached skill level 15 in Ranged Weapons
  7875 | D:8      | Found an opulent altar of Gozag.
  7954 | D:8      | Found a burning altar of Makhleb.
  7985 | D:8      | Found a staircase to the Lair.
  7998 | Lair:1   | Entered Level 1 of the Lair of Beasts
  8411 | Lair:1   | Reached skill level 16 in Ranged Weapons
  9256 | Lair:2   | Found a staircase to the Snake Pit.
  9262 | Lair:2   | Reached XP level 12. HP: 104/104 MP: 11/11
  9274 | Snake:1  | Entered Level 1 of the Snake Pit
  9305 | Snake:1  | Reached skill level 17 in Ranged Weapons
 10106 | Snake:1  | Slain by a shock serpent

Illustrated notes

Levels and vault maps discovered:
D:1:      dpeg_arrival_windows_large_door, layout_basic,
          shapermc_ecumenical_altar_venn, minmay_vboxes
D:2:      layout_basic
D:3:      layout_rooms, serial_shops, nicolae_shop_stone
D:4:      layout_loops_ring, uniq_pikel
D:5:      layout_basic, kennysheep_mini, mainiacjoe_overflow_tiny_flanked,
          nicolae_ru_great_annihilating_truth, nicolae_shop_self_help,
          uniq_grinder, uniq_edmund
D:6:      layout_basic, serial_shops, nicolae_shop_crystal, shop, shop_coins
D:7:      layout_cave_pools, minmay_temple_entry_poolview, enter_bailey_5,
          ebering_ghost_reflecting_pool
D:8:      layout_rooms, bloody_makhleb, grunt_gozag_breadcrumbs,
          lair_entry_dummy, uniq_amaemon
Lair:1:   layout_loops_ring, gauntlet_entry_generic, serial_bayou_shore_b
Lair:2:   layout_regular_city, guppyfry_snake_entry_garden,
          gammafunk_ghost_hydra_chop, minivault_23, grunt_megastairs_5
Snake:1:  layout_layer_cave, minmay_shop_grove, uniq_louise, uniq_nikola

Skill      XL: |  1  2  3  4  5  6  7  8  9 10 11 12 |
---------------+-------------------------------------+-----
Ranged Weapons | 5 6 7 8 10 13 14 16 17 | 17.3
Armour         | 1 2 3 4 5 8 9 |  9.7
Fighting       | 3 4 5 8 9 |  9.9
Shields        | 1 2 3 |  3.7
Stealth        | 1 4 |  4.0
Dodging        | 3 5 6 |  6.3
Invocations    | |  0.4

Action                   |  1- 3 |  4- 6 |  7- 9 | 10-12 || total
-------------------------+-------+-------+-------+-------++-------
Melee: Shortbow          |       |     2 |     5 |       ||     7
       Headbutt          |       |       |     2 |       ||     2
 Fire: Shortbow          |   125 |    33 |    31 |       ||   189
       Triple crossbow   |       |       |   172 |   228 ||   400
Invok: Donate Gold       |     1 |       |       |       ||     1
       Recite            |       |       |     1 |       ||     1
Evoke: Wand              |       |       |       |     2 ||     2
  Use: Potion            |       |     1 |     3 |       ||     4
       Scroll            |       |     1 |     2 |     7 ||    10
Armor: Leather armour    |     3 |       |       |       ||     3
       Pearl dragon scal |     4 |     6 |    59 |    56 ||   125
Dodge: Dodged            |    28 |    15 |    81 |    78 ||   202
Block: Other             |     2 |     6 |    31 |    29 ||    68
       Reflection        |       |     1 |     7 |     1 ||     9
